 Dungeon Crawl Stone Soup version 0.29.0-4-gdea44cf6ec (webtiles) character file.

Game seed: 5093933075453429483

410 qw the Ruffian (level 6, -2/57 (59) HPs)
             Began as a Troll Cinder Acolyte on Sept 1, 2022.
             Was a High Priest of Ignis.
             Slain by a wight
             ... wielding a +5 morningstar
              (5 damage)
             ... on level 8 of the Dungeon.
             The game lasted 00:01:41 (3007 turns).

qw the Ruffian (Troll Cinder Acolyte)               Turns: 3007, Time: 00:01:42

HP:   -2/57 (59)    AC: 12    Str: 25    XL:     6   Next: 58%
MP:   6/6           EV:  9    Int: 10    God:    Ignis [*****.]
Gold: 290           SH:  0    Dex: 11    Spells: 7/7 levels left

rFire   + . .      SeeInvis .     - Unarmed
rCold   . . .      Faith    .   (no shield)
rNeg    . . .      Spirit   .   a - +0 robe
rPois   .          Reflect  .   (helmet restricted)
rElec   .          Harm     .   n - +0 cloak
rCorr   .          Rampage  .   (gloves unavailable)
Will    +....                   (boots unavailable)
Stlth   +.........              (no amulet)
HPRegen 0.99/turn               i - +6 ring of dexterity
MPRegen 0.10/turn               k - ring of willpower

@: fiery-armoured, lightly drained
A: large, unfitting armour, claws 3, regeneration 1, shaggy fur 1, tough skin 1
a: Renounce Religion, Fiery Armour, Foxfire Swarm, Rising Flame


You were on level 8 of the Dungeon.
You worshipped Ignis.
Ignis was extremely pleased with you.
You visited 1 branch of the dungeon, and saw 6 of its levels.

You collected 290 gold pieces.


Innate Abilities, Weirdness & Mutations

You are too large for most types of armour.
You have claws for hands.
Your natural rate of healing is unusually fast.
You are covered in fur. (AC +1)
You have tough skin. (AC +1)


   Skills:
 - Level 2.4 Fighting
 - Level 1.0 Throwing
 - Level 1.4 Dodging
 + Level 7.0 Unarmed Combat
 - Level 1.0 Spellcasting
 - Level 2.1 Fire Magic


You had 7 spell levels left.
You didn't know any spells.
Your spell library contained the following spells:

 Spells                   Type           Power      Damage    Failure   Level
 Scorch                   Fire           8%         2d5       22%         2

Inventory:

Missiles
 f - a boomerang (quivered)
Armour
 a - a +0 robe (worn)
 n - a +0 cloak (worn)
Jewellery
 i - a +6 ring of dexterity (left claw)
 k - a ring of willpower (right claw)
Scrolls
 b - 4 scrolls of teleportation
 d - 2 scrolls of identify
Potions
 c - 2 potions of curing
 e - a potion of heal wounds
 g - a potion of haste
 h - a potion of might {unknown}
 j - a potion of degeneration {unknown}
 l - a potion of resistance

Dungeon Overview and Level Annotations

Branches:
Dungeon (5/15)
 Temple: D:4-7

Altars:
Okawaru
Ru


Message History

You destroy the wight!
Your Unarmed Combat skill increases to level 7!
You claw the wight!
The wight is heavily damaged.
The wight misses you.
2996 ||| Stepping ~*~*~tactically~*~*~ (outnumbered).
The wight attacks as you move away!
The wight hits you with a +5 morningstar!
2997 ||| Stepping ~*~*~tactically~*~*~ (outnumbered).
The wight attacks as you move away! The wight barely misses you.
2998 ||| Stepping ~*~*~tactically~*~*~ (outnumbered).
The wight attacks as you move away!
The wight hits you with a +2 great sword!
2999 ||| Stepping ~*~*~tactically~*~*~ (outnumbered).
3000 ||| Stepping ~*~*~tactically~*~*~ (outnumbered).
3001 ||| Stepping ~*~*~tactically~*~*~ (outnumbered).
The wight attacks as you move away! The wight barely misses you.
A black bear comes into view.
The black bear growls angrily.
3002 ||| Stepping ~*~*~tactically~*~*~ (outnumbered).
You barely miss the wight.
The wight is heavily damaged.
You barely miss the wight.
The wight is heavily damaged.
The wight closely misses you.
The wight hits you with a +5 morningstar!
You barely miss the wight.
The wight is heavily damaged.
The wight hits you with a +2 great sword!
The wight closely misses you.
You barely miss the wight.
The wight is heavily damaged.
The wight barely misses you.
The wight hits you with a +5 morningstar!
3007 ||| INVOKING Fiery Armour.
A protective cloak of flame settles atop you.
The wight closely misses you.
The wight hits you with a +5 morningstar!
You feel drained.
You die...

# .. #.# #.# #####.#
#@....## ## .
...##zz....## .. ..
#..h......# .# .#
#.#.......# .# #.#
...#.......##.###.##
..##
##.....##..##...## .
#.........##.....#
#....(............
......(.).##.......


You could see a black bear and 2 wights.

Vanquished Creatures
  A necrophage (D:4)
  2 wights (D:8)
  2 orc priests
  An iguana (D:5)
  5 adders
  A shadow imp (D:8)
  A white imp (D:8)
  A worm (D:4)
  2 dart slugs
  16 orcs
  9 endoplasms
  2 giant cockroaches
  6 goblins
  2 hobgoblins
  3 quokkas
  9 ball pythons
  2 bats
  4 frilled lizards
  6 kobolds
  5 rats
80 creatures vanquished.

Notes
Turn   | Place    | Note
-------+----------+-------------------------------------------
     0 | D:1      | qw the Troll Cinder Acolyte began the quest for the Orb.
     0 | D:1      | Reached XP level 1. HP: 22/22 MP: 1/1
     0 | D:1      | 0 ||| qw: Version: 0.1-a-97-g2dd2ca4
     0 | D:1      | 0 ||| qw: Game counter: 4828
     0 | D:1      | 0 ||| qw: Always use a shield: true
     0 | D:1      | 0 ||| qw: God list: Okawaru
     0 | D:1      | 0 ||| qw: Allow faded altars: false
     0 | D:1      | 0 ||| qw: Do Orc after D:15 true
     0 | D:1      | 0 ||| qw: Do second Lair branch before Depths: true
     0 | D:1      | 0 ||| qw: Lair rune preference: random
     0 | D:1      | 0 ||| qw: Plans: Normal
     0 | D:1      | 0 ||| PLANNING D:1-11
     3 | D:1      | Noticed an electric eel
     4 | D:1      | Noticed an electric eel
    87 | D:1      | 87 ||| Stepping ~*~*~tactically~*~*~ (stealth).
    88 | D:1      | 88 ||| Stepping ~*~*~tactically~*~*~ (stealth).
    92 | D:1      | 92 ||| Stepping ~*~*~tactically~*~*~ (stealth).
   212 | D:1      | 212 ||| Stepping ~*~*~tactically~*~*~ (stealth).
   236 | D:1      | Reached XP level 2. HP: 29/29 MP: 2/2
   616 | D:1      | Reached skill level 4 in Unarmed Combat
   747 | D:1      | 747 ||| READING scroll labelled NIEDARPHANE.
   848 | D:1      | 848 ||| READING 2 scrolls labelled UXABBE XIMAMIA.
   849 | D:1      | 849 ||| READING scroll labelled VISCHA SAIG.
   852 | D:1      | 852 ||| READING scroll labelled QESING LEAXT.
   994 | D:2      | Found a faded altar of an unknown god.
  1006 | D:2      | Reached XP level 3. HP: 35/36 MP: 3/3
  1132 | D:2      | 1132 ||| Stepping ~*~*~tactically~*~*~ (stealth).
  1292 | D:2      | Reached XP level 4. HP: 44/44 MP: 4/4
  1534 | D:2      | 1534 ||| UPGRADING to +0 cloak.
  1539 | D:2      | 1539 ||| UPGRADING to +6 ring of dexterity.
  1540 | D:2      | 1540 ||| READING 2 scrolls labelled RUHOGGE JUAKK.
  1541 | D:2      | 1541 ||| DRINKING 2 murky purple potions.
  1542 | D:2      | 1542 ||| DRINKING 2 brown potions.
  1543 | D:2      | 1543 ||| READING 2 scrolls of identify.
  1543 | D:2      | 1543 ||| IDENTIFYING green potion
  1544 | D:2      | 1544 ||| DROPPING scroll of vulnerability.
  1611 | D:3      | 1611 ||| Stepping ~*~*~tactically~*~*~ (hiding).
  1619 | D:3      | 1619 ||| Stepping ~*~*~tactically~*~*~ (stealth).
  1636 | D:3      | Reached skill level 1 in Throwing
  1640 | D:3      | 1640 ||| Stepping ~*~*~tactically~*~*~ (stealth).
  1643 | D:3      | 1643 ||| Stepping ~*~*~tactically~*~*~ (stealth).
  1645 | D:3      | 1645 ||| Stepping ~*~*~tactically~*~*~ (stealth).
  1647 | D:3      | 1647 ||| Stepping ~*~*~tactically~*~*~ (stealth).
  1650 | D:3      | Reached skill level 5 in Unarmed Combat
  1652 | D:3      | 1652 ||| Stepping ~*~*~tactically~*~*~ (stealth).
  1816 | D:3      | Found a sacrificial altar of Ru.
  2054 | D:3      | Reached skill level 1 in Dodging
  2063 | D:3      | 2063 ||| FLEEEEING.
  2064 | D:3      | 2064 ||| FLEEEEING.
  2135 | D:3      | Reached XP level 5. HP: 39/50 MP: 5/5
  2331 | D:3      | 2331 ||| READING scroll labelled BIS KEVVIET.
  2332 | D:3      | 2332 ||| READING 2 scrolls labelled KINOUSECWY.
  2338 | D:3      | 2338 ||| READING scroll labelled JAKHOPLYM KEWN.
  2339 | D:3      | 2339 ||| READING scroll labelled MAGUFO VUG DIE.
  2351 | D:3      | 2351 ||| READING 3 scrolls of identify.
  2351 | D:3      | 2351 ||| IDENTIFYING white potion
  2359 | D:3      | 2359 ||| READING 2 scrolls of identify.
  2359 | D:3      | 2359 ||| IDENTIFYING emerald potion
  2360 | D:3      | 2360 ||| DROPPING potion of magic.
  2361 | D:3      | 2361 ||| DROPPING scroll of blinking.
  2392 | D:4      | Found an iron altar of Okawaru.
  2405 | D:4      | 2405 ||| Stepping ~*~*~tactically~*~*~ (stealth).
  2407 | D:4      | 2407 ||| Stepping ~*~*~tactically~*~*~ (stealth).
  2534 | D:4      | 2534 ||| Stepping ~*~*~tactically~*~*~ (outnumbered).
  2535 | D:4      | 2535 ||| Stepping ~*~*~tactically~*~*~ (outnumbered).
  2536 | D:4      | 2536 ||| Stepping ~*~*~tactically~*~*~ (outnumbered).
  2537 | D:4      | 2537 ||| Stepping ~*~*~tactically~*~*~ (outnumbered).
  2541 | D:4      | 2541 ||| Stepping ~*~*~tactically~*~*~ (outnumbered).
  2542 | D:4      | 2542 ||| Stepping ~*~*~tactically~*~*~ (outnumbered).
  2544 | D:4      | 2544 ||| INVOKING Fiery Armour.
  2610 | D:4      | Reached skill level 6 in Unarmed Combat
  2767 | D:4      | 2767 ||| UPGRADING to ring of willpower.
  2768 | D:4      | 2768 ||| READING scroll labelled ROPNOJ NOED.
  2784 | D:5      | Entered Level 5 of the Dungeon
  2793 | D:5      | Reached XP level 6. HP: 55/59 MP: 6/6
  2839 | D:5      | You fall into a shaft and drop 3 floors!
  2841 | D:8      | 2841 ||| PLANNING OSSUARY
  2846 | D:8      | 2846 ||| Stepping ~*~*~tactically~*~*~ (hiding).
  2966 | D:8      | 2966 ||| Stepping ~*~*~tactically~*~*~ (stealth).
  2967 | D:8      | 2967 ||| Stepping ~*~*~tactically~*~*~ (stealth).
  2968 | D:8      | 2968 ||| Stepping ~*~*~tactically~*~*~ (stealth).
  2995 | D:8      | Reached skill level 7 in Unarmed Combat
  2996 | D:8      | 2996 ||| Stepping ~*~*~tactically~*~*~ (outnumbered).
  2997 | D:8      | 2997 ||| Stepping ~*~*~tactically~*~*~ (outnumbered).
  2998 | D:8      | 2998 ||| Stepping ~*~*~tactically~*~*~ (outnumbered).
  2999 | D:8      | 2999 ||| Stepping ~*~*~tactically~*~*~ (outnumbered).
  3000 | D:8      | 3000 ||| Stepping ~*~*~tactically~*~*~ (outnumbered).
  3001 | D:8      | 3001 ||| Stepping ~*~*~tactically~*~*~ (outnumbered).
  3002 | D:8      | 3002 ||| Stepping ~*~*~tactically~*~*~ (outnumbered).
  3007 | D:8      | 3007 ||| INVOKING Fiery Armour.
  3007 | D:8      | HP: 3/59 [wight/+5 morningstar (13)]
  3007 | D:8      | Slain by a wight

Levels and vault maps discovered:
D:1:      arrival_aquarium_b, layout_basic, minmay_split_cup_large
D:2:      layout_basic, hellmonk_ecumenical_altar_blasted,
          mrwooster_statue_mirror
D:3:      kennysheep_big_flooded_room, layout_loops_ring,
          mainiacjoe_overflow_tiny_flanked, kennysheep_generic_room_16
D:4:      layout_rooms, lemuel_crystal_altar
D:5:      minmay_opposing_rooms, layout_cave_pools,
          nzn_overflow_gifts_of_might_and_magic,
          nicolae_qazlal_general_emergency, makhleb_grotto_becter,
          mainiacjoe_overflow_alcove_1, nicolae_elyvilon_peaceful_grove,
          serial_gnoll_camp, gnoll_camp_huts_basic, gnoll_camp_mini_house,
          gnoll_camp_mini_loothouse, gnoll_camp_mini_hut, serial_shops,
          nicolae_shop_hallway_plus, kennysheep_path_1
D:8:      layout_rooms, doesnt_xom_only_xom, enter_ossuary_1,
          minmay_shattered_shrine

Skill      XL: |  1  2  3  4  5  6 |
---------------+-------------------+-----
Unarmed Combat | 4 5 6 7 |  7.0
Throwing       | 1 |  1.0
Dodging        | 1 |  1.4
Fighting       | |  2.4
Spellcasting   | |  1.0
Fire Magic     | |  2.1

Action                   |  1- 3 |  4- 6 || total
-------------------------+-------+-------++-------
Melee: Unarmed           |    90 |    88 ||   178
       Punch             |     2 |       ||     2
Throw: Javelin           |       |    30 ||    30
       Boomerang         |       |     2 ||     2
Invok: Fiery Armour      |       |     2 ||     2
  Use: Scroll            |     4 |     9 ||    13
       Potion            |       |     2 ||     2
 Stab: Distracted        |       |     1 ||     1
Armor: Robe              |    23 |    17 ||    40
Dodge: Dodged            |    34 |    34 ||    68

Table legend:
 A = Non-vault XP
 B = Vault XP
 C = Vault XP percentage of total XP
 D = Non-vault monster count
 E = Vault monster count
 F = Vault count percentage of total count
                 A         B        C        D         E       F
            +---------+---------+-------+---------+---------+-------
      Total |     568 |      19 |   3.2 |      71 |       9 |  11.2
            +---------+---------+-------+---------+---------+-------
        D:1 |      24 |       6 |  20.0 |      16 |       4 |  20.0
        D:2 |      69 |       0 |   0.0 |      14 |       0 |   0.0
        D:3 |     100 |      13 |  11.5 |      22 |       5 |  18.5
        D:4 |     162 |       0 |   0.0 |      14 |       0 |   0.0
        D:5 |      36 |       0 |   0.0 |       1 |       0 |   0.0
        D:8 |     177 |       0 |   0.0 |       4 |       0 |   0.0
            +---------+---------+-------+---------+---------+-------
